 Dungeon Crawl Stone Soup version 0.27-a0-695-gb4952372f7 (webtiles) character file.

Game seed: 10470703683833051654

652 spiderkeys the Poker (level 7, 0/55 HPs)
             Began as a Minotaur Berserker on Mar 22, 2021.
             Was a Priest of Trog.
             Slain by an orc priest
             ... wielding a +0 whip
              (4 damage)
             ... on level 4 of the Dungeon.
             The game lasted 00:03:36 (2934 turns).

spiderkeys the Poker (Minotaur Berserker)           Turns: 2934, Time: 00:03:36

Health: 0/55       AC: 17    Str: 22 (24) XL:     7   Next: 28%
Magic:  6/6        EV:  8    Int:  2 (4)  God:    Trog [***...]
Gold:   45         SH:  0    Dex: 12 (15) Spells: 6/6 levels left

rFire    . . .     SeeInvis .   q - +0 glaive
rCold    . . .     Faith    .   (shield currently unavailable)
rNeg     . . .     Spirit   .   k - +0 chain mail
rPois    .         Reflect  .   (helmet restricted)
rElec    .         Harm     .   t - +0 cloak
rCorr    .         Rampage  .   (no gloves)
Will     .....                  (no boots)
Stlth    ..........             (no amulet)
HPRegen  0.18/turn              i - +6 ring of dexterity
MPRegen  0.10/turn              n - +4 ring of protection

@: berserk cooldown
A: horns 2, retaliatory headbutt, talons 1, icy blue scales 1, frail 1
a: Renounce Religion, Berserk, Trog's Hand


You were on level 4 of the Dungeon.
You worshipped Trog.
Trog was most pleased with you.
You visited 1 branch of the dungeon, and saw 4 of its levels.

You collected 45 gold pieces.

Inventory:

Hand Weapons
 a - a +0 spear
 q - a +0 glaive (weapon)
Armour
 k - a +0 chain mail (worn)
 t - a +0 cloak (worn)
Jewellery
 i - a +6 ring of dexterity (right hand)
 n - a +4 ring of protection (left hand)
Wands
 r - a wand of paralysis (1)
Scrolls
 b - a scroll of enchant armour {unknown}
 e - a scroll of magic mapping {unknown}
 h - 2 scrolls of fear {unknown}
 m - 2 scrolls of identify {unknown}
 o - a scroll of torment {unknown}
 s - a scroll of acquirement {unknown}
Potions
 g - 2 potions of invisibility
 j - 2 potions of flight
 l - a potion of berserk rage


   Skills:
 + Level 5.9 Fighting
 * Level 7.7 Polearms
 + Level 5.2 Armour
 - Level 2.1 Dodging


You had 6 spell levels left.
You didn't know any spells.
Your spell library was empty.

Dungeon Overview and Level Annotations

Branches:
Dungeon (4/15)
 Temple: D:4-7

Altars:
Elyvilon


Innate Abilities, Weirdness & Mutations

You have a pair of horns on your head.
You reflexively headbutt those who attack you in melee.
You have sharp toenails.
You are partially covered in icy blue scales. (AC +2)
You are frail. (-10% HP)


Message History

The orc priest hits you but does no damage.
It was a potion of invisibility.
You fade into invisibility!
The orc priest hits you with a +0 whip.
* * * LOW HITPOINT WARNING * * *
You are very lightly contaminated with residual magic.
It was a potion of flight.
You feel very buoyant.
You fly up into the air.
The orc priest hits you with a +0 whip.
* * * LOW HITPOINT WARNING * * *
The orc priest barely misses you. You furiously retaliate!
You headbutt the orc priest, but do no damage.
It was a potion of berserk rage.
You're still recovering from your berserk rage.
The orc priest hits you but does no damage.
It was a potion of cancellation.
Your magical effects are unravelling.
You feel magically purged.
Your magical contamination has completely faded away.
You feel yourself speed up.
You float gracefully downwards.
You flicker back into view.
The orc priest hits you but does no damage. x2
It was a potion of mutation.
You feel extremely strange.
You feel frail.
Your toenails lengthen and sharpen.
Icy blue scales grow over part of your body.
The orc priest looks encouraged for a moment.
It was a potion of degeneration.
There was something very wrong with that liquid.
You feel weakened.
You feel dopey.
You feel clumsy. The orc priest completely misses you. You furiously retaliate!
You headbutt the orc priest.
It was a potion of magic.
Magic courses through your body.
The orc priest hits you but does no damage.
Okay, then.
You barely miss the orc priest. You claw the orc priest.
Your headbutt misses the orc priest.
The orc priest is moderately wounded.
The orc priest hits you with a +0 whip.
You die...

.... '.... .... #...
.....#... .....#...
########### ........#
####.........# +##.....#
#............. ........#
#.##..........
.....?.B####.##..........
.......oo@...#...######+#
+##.....######...######
#.....+.......<.....#
#....o#######..####.#
........ #..# .........
..## ......... ...
....... .... ####.


You could see a worker ant, an orc priest and an orc.

Vanquished Creatures
  Sigmund (D:2)
  An orc warrior (D:4)
  An ogre (D:4)
  An orc priest (D:4)
  Crazy Yiuf (D:3)
  Ijyb (D:3)
  2 orc wizards (D:3)
  Robin (D:3)
  3 gnolls (D:3)
  6 adders
  An ooze (D:1)
  A worm (D:2)
  2 leopard geckos (D:3)
  9 orcs
  2 bats
  2 giant cockroaches
  12 goblins
  8 hobgoblins
  5 jackals
  A quokka (D:2)
  2 frilled lizards (D:3)
  8 kobolds
  7 rats
78 creatures vanquished.

Notes
Turn   | Place    | Note
-------+----------+-------------------------------------------
     0 | D:1      | spiderkeys the Minotaur Berserker began the quest for the
                  | Orb.
     0 | D:1      | Reached XP level 1. HP: 19/19 MP: 0/0
   398 | D:1      | Reached skill level 4 in Polearms
   398 | D:1      | Reached XP level 2. HP: 25/27 MP: 1/1
  1326 | D:2      | Reached XP level 3. HP: 33/33 MP: 2/2
  1614 | D:2      | Noticed Sigmund
  1626 | D:2      | Killed Sigmund
  1627 | D:2      | Reached skill level 5 in Polearms
  1627 | D:2      | Reached XP level 4. HP: 41/41 MP: 3/3
  1627 | D:2      | Reached XP level 5. HP: 47/47 MP: 4/4
  1865 | D:3      | Reached skill level 6 in Polearms
  1869 | D:3      | Reached ** piety under Trog
  1882 | D:3      | Reached skill level 5 in Fighting
  2010 | D:3      | Reached XP level 6. HP: 53/56 MP: 5/5
  2264 | D:3      | Noticed Ijyb
  2271 | D:3      | Paralysed by Ijyb for 5 turns
  2277 | D:3      | Killed Ijyb
  2395 | D:3      | Found a white marble altar of Elyvilon.
  2401 | D:3      | Reached *** piety under Trog
  2564 | D:3      | Noticed Robin
  2584 | D:3      | Killed Robin
  2630 | D:3      | Found a runed translucent door.
  2631 | D:3      | Noticed Crazy Yiuf
  2808 | D:3      | Killed Crazy Yiuf
  2809 | D:3      | Reached skill level 7 in Polearms
  2905 | D:4      | Noticed an orc warrior
  2917 | D:4      | Killed an orc warrior
  2918 | D:4      | Reached skill level 5 in Armour
  2918 | D:4      | Reached XP level 7. HP: 48/62 MP: 6/6
  2928 | D:4      | HP: 3/62 [orc priest/+0 whip (1)]
  2931 | D:4      | Gained mutation: You are frail. (-10% HP) [potion of
                  | mutation]
  2931 | D:4      | Gained mutation: You have sharp toenails. [potion of
                  | mutation]
  2931 | D:4      | Gained mutation: You are partially covered in icy blue
                  | scales. (AC +2) [potion of mutation]
  2934 | D:4      | Slain by an orc priest

Illustrated notes

Levels and vault maps discovered:
D:1:      wander_arrival_fairy_ring, layout_loops_corners
D:2:      layout_basic, due_unseen_surprise, uniq_sigmund
D:3:      layout_loops_ring, lemuel_round_altar, uniq_crazy_yiuf_cottage,
          uniq_robin, uniq_ijyb
D:4:      layout_basic, overflow_temple_1_default

Skill      XL: |  1  2  3  4  5  6 |
---------------+-------------------+-----
Polearms       | 4 5 6 7 |  7.7
Fighting       | 4 5 |  5.9
Armour         | 3 4 5 |  5.2
Dodging        | |  2.1

Action                   |  1- 3 |  4- 6 |  7- 9 || total
-------------------------+-------+-------+-------++-------
Melee: Spear             |    63 |    78 |       ||   141
       Headbutt          |     5 |    31 |     1 ||    37
       Glaive            |       |    69 |    10 ||    79
       Kick              |       |       |     1 ||     1
Invok: Berserk           |     1 |     2 |       ||     3
  Use: Potion            |       |       |     7 ||     7
Armor: Scale mail        |     7 |       |       ||     7
       Animal skin       |     1 |       |       ||     1
       Chain mail        |     4 |    68 |     5 ||    77
Dodge: Dodged            |    20 |    36 |     4 ||    60

Table legend: (Time is in decaauts)
 A = Elapsed time spent in this place.
 B = Non-inter-level travel time spent in this place.
 C = Inter-level travel time spent in this place.
 D = Time resting spent in this place.
 E = Time spent auto-exploring this place.
 F = Levels seen in this place.
 G = Mean time per level.
                   A        B        C        D        E       F      G
               +--------+--------+--------+--------+--------+-----+--------+
         Total |   2946 |   2784 |    162 |     51 |   2300 |   4 |  736.5 |
       Dungeon |   2946 |   2784 |    162 |     51 |   2300 |   4 |  736.5 |
               +--------+--------+--------+--------+--------+-----+--------+

Top non-repeatable levels by time:
     D:3: 1082 daAuts
     D:1: 945 daAuts
     D:2: 868 daAuts
     D:4: 49 daAuts
